AoeStats
← <johnny>bravo

Arena

510230179Analyzed
1v1 RM · 2d ago on Sep 30, 2026· 29m 58s· 2 players
Game mode
Random Map
Map size
Tiny (2 player)
Population
200
Speed
Normal
Resources
Standard
Victory
Conquest
Starting age
Dark Age
Ending age
Imperial Age
RankedLock teamsTeams togetherTeam positionsShared explorationLock speedFull tech treeHidden civsTurbo modeCheats
Victory
Defeat
🇨🇴 Teutons · Colombia
650
+19
🇺🇸 Britons · United States
707
-19
<johnny>bravo
5:07 Loom
11:06 Feudal Age
15:33 Castle Age
13:21 Double-Bit Axe
15:22 Wheelbarrow
14:31 Horse Collar
17:07 Gold Mining
26:50 Gold Shaft Mining
26:33 Hand Cart
26:05 Town Watch
26:33 Fortified Wall
26:36 Masonry
30:24 Imperial Age
28:09 Stone Mining
28:43 Fletching
30:23 Bodkin Arrow
SirLex
13:03 Feudal Age
13:46 Double-Bit Axe
14:39 Wheelbarrow
13:48 Horse Collar
21:07 Castle Age
22:09 Bow Saw
22:05 Heavy Plow
22:51 Gold Mining
24:38 Padded Archer Armor
24:29 Fletching
24:39 Scale Mail Armor
26:04 Bodkin Arrow
26:18 Pikeman
27:19 Leather Archer Armor
29:01 Chain Mail Armor
28:42 Town Watch
Connection lost

Rejoining the realm…

Still unreachable

The connection could not be restored.

Session expired

The server has moved on; the page needs a fresh start.